 Seeded DCSS version 0.29-a0-1047-g7c58e119a4 (webtiles) character file.

Game seed: 7296620447873847827 (custom seed)

6 voltaire321 the Sneak (level 2, 0/16 HPs)
             Began as a Kobold Enchanter on Aug 16, 2022.
             Slain by a hobgoblin (5 damage)
             ... on level 1 of the Dungeon.
             The game lasted 00:00:43 (183 turns).

voltaire321 the Sneak (Kobold Enchanter)             Turns: 183, Time: 00:00:44

Health: 0/16       AC:  2    Str:  5    XL:     2   Next: 0%
Magic:  4/5        EV: 15    Int: 16    God:
Gold:   15         SH:  0    Dex: 15    Spells: 4/5 levels left

rFire   . . .      SeeInvis .   a - +1 dagger
rCold   . . .      Faith    .   (no shield)
rNeg    . . .      Spirit   .   b - +0 robe
rPois   .          Reflect  .   (no helmet)
rElec   .          Harm     .   (no cloak)
rCorr   .          Rampage  .   (no gloves)
Will    .....                   (no boots)
Stlth   ++++......              (no amulet)
HPRegen 0.05/turn               (no ring)
MPRegen 0.09/turn               (no ring)

@: no status effects
A: small, no large weapons, nightstalker 3
a: no special abilities


You were on level 1 of the Dungeon.
You visited 1 branch of the dungeon, and saw 1 of its levels.

You collected 15 gold pieces.

Inventory:

Hand Weapons
 a - a +1 dagger (weapon)
Armour
 b - a +0 robe (worn)
Potions
 c - 2 potions of invisibility
 d - 2 potions of lignification {unknown}


   Skills:
 + Level 0.5 Fighting
 + Level 1.6 Short Blades
 + Level 2.5 Dodging
 + Level 4.0 Stealth
 + Level 2.2 Spellcasting
 + Level 0.1 Conjurations
 + Level 3.0 Hexes


You had 4 spell levels left.
You knew the following spells:

 Your Spells              Type           Power      Damage    Failure   Level
a - Magic Dart            Conj           8%         1d3       19%         1

Your spell library contained the following spells:

 Spells                   Type           Power      Damage    Failure   Level
 Ensorcelled Hibernation  Hex/Ice        12%        N/A       16%         2
 Confusing Touch          Hex            11%        N/A       17%         3
 Tukima's Dance           Hex            11%        N/A       17%         3
 Call Imp                 Summ           1%         N/A       30%         2
 Dazzling Flash           Conj/Hex       12%        N/A       30%         3
 Mephitic Cloud           Conj/Pois/Air  1%         N/A       52%         3


Dungeon Overview and Level Annotations

Branches:
Dungeon (1/15)

Altars:


Innate Abilities, Weirdness & Mutations

You are small and have problems with some larger weapons.
You are completely attuned to the shadows.


Message History

a +0 short sword; 5 stones You start resting.
Magic restored.
An endoplasm comes into view.
The helpless endoplasm fails to defend itself.
You impale the endoplasm!!
You kill the endoplasm!
A hobgoblin comes into view.
A kobold comes into view. It is wielding a +0 short sword.
The helpless hobgoblin fails to defend itself.
You puncture the hobgoblin!
You kill the hobgoblin!
The kobold shouts!
The kobold hits you with a +0 short sword.
You see here a hobgoblin corpse.
You hit the kobold.
You kill the kobold!
You have reached level 2!
A hobgoblin comes into view.
The hobgoblin shouts!
Things that are here:
a +0 short sword; a kobold corpse You barely miss the hobgoblin.
The hobgoblin hits you but does no damage.
You completely miss the hobgoblin. The hobgoblin closely misses you.
You closely miss the hobgoblin.
A bat comes into view.
The hobgoblin hits you.
You closely miss the hobgoblin. The hobgoblin hits you.
Casting: Magic Dart (safe; 19% risk of failure)
Confirm with . or Enter, or press ? or * to list all spells.
Aiming: Magic Dart (safe; 19% risk of failure)
Press: ? - help, Shift-Dir - straight line, f - hobgoblin
Aim: a hobgoblin (100% to hit)
The magic dart hits the hobgoblin but does no damage.
The hobgoblin hits you. The bat hits you but does no damage.
The bat barely misses you.
You see here a hobgoblin corpse.
The hobgoblin hits you.
You die...

## #. ....## ....
.....#####.#..
#............... #
#............... ###
#......##.##....
..####....#.##.##....
....###.#......†@g...
#.#.....##....###b...
#.....### ..### ##.#
....#..# ..# #
......... ......###
#...... ###### ....#


You could see a hobgoblin and a bat.

Vanquished Creatures
  A bat (D:1)
  An endoplasm (D:1)
  A hobgoblin (D:1)
  2 kobolds (D:1)
5 creatures vanquished.

Notes
Turn   | Place    | Note
-------+----------+-------------------------------------------
     0 | D:1      | voltaire321 the Kobold Enchanter began the quest for the
                  | Orb.
     0 | D:1      | Reached XP level 1. HP: 10/10 MP: 3/3
   100 | D:1      | Learned a level 1 spell: Magic Dart
   176 | D:1      | Reached XP level 2. HP: 13/16 MP: 5/5
   183 | D:1      | Slain by a hobgoblin

Illustrated notes

Levels and vault maps discovered:
D:1:      lemuel_arrival_tunnels, layout_rooms, dreamdust_ecumenical_altar_grove

Action                   || total
-------------------------++-------
Melee: Dagger            ||     8
 Cast: Magic Dart        ||     4
 Stab: Sleeping          ||     2
Armor: Robe              ||     2
Dodge: Dodged            ||     7

Table legend: (Time is in decaauts)
 A = Elapsed time spent in this place.
 B = Non-inter-level travel time spent in this place.
 C = Inter-level travel time spent in this place.
 D = Time resting spent in this place.
 E = Time spent auto-exploring this place.
 F = Levels seen in this place.
 G = Mean time per level.
                   A        B        C        D        E       F      G
               +--------+--------+--------+--------+--------+-----+--------+
         Total |    182 |    182 |      0 |     28 |    117 |   1 |  182.0 |
       Dungeon |    182 |    182 |      0 |     28 |    117 |   1 |  182.0 |
               +--------+--------+--------+--------+--------+-----+--------+

Top non-repeatable levels by time:
     D:1: 182 daAuts
